 Dungeon Crawl Stone Soup version 0.15.0-14-g6bbbb5c (console) character file.

67 rchandra the Insei (level 4, -2/35 HPs)
             Began as a Draconian Transmuter on Sept 3, 2014.
             Slain by tcjsavannah's ghost (5 damage)
             ... on Level 3 of the Dungeon.
             The game lasted 00:07:07 (2613 turns).

rchandra the Insei (Draconian Transmuter)           Turns: 2613, Time: 00:07:07

HP  -2/35        AC  5     Str 12      XL: 4   Next:  0%
MP   0/7         EV 12     Int 13      God:
Gold 34          SH  0     Dex 13      Spells:  3 memorised,  1 level left

rFire  . . .     SeeInvis .       - Unarmed
rCold  . . .     Clarity  .     (armour unavailable)
rNeg   . . .     rCorr    .     (no shield)
rPois  .         rRot     .     (helmet restricted)
rElec  .         Spirit   .     (no cloak)
SustAb .         Warding  .     (no gloves)
rMut   .         Stasis   .     (no boots)
Gourm  .                        (no amulet)
MR     .....                    (no ring)
                                (no ring)

@: appendage, flying, very slightly contaminated, not resistant to hostile
enchantments, very unstealthy
A: unfitting armour, horns 2, cold-blooded, AC +5
a: End Transformation


You were on level 3 of the Dungeon.
You were hungry.
You had grown temporary horns.
You visited 1 branch of the dungeon, and saw 3 of its levels.

You collected 34 gold pieces.

Inventory:

Missiles
 b - 10 arrows
 i - 55 stones (quivered)
Comestibles
 a - 3 bread rations
 g - a chunk of jackal flesh {@w1}
 o - a rotting chunk of quokka flesh {@w1}
Scrolls
 c - 3 scrolls of amnesia {unknown}
 f - 3 scrolls of teleportation {unknown}
 m - 2 scrolls of recharging {unknown}
 n - 4 scrolls of enchant weapon {unknown}
 p - a scroll of identify {unknown}
 q - a scroll of immolation {unknown}
 u - a scroll of fog {unknown}
Potions
 e - a potion of restore abilities {unknown}
 h - a potion of curing
 j - a potion of confusion {unknown}
 k - a potion of cure mutation {unknown}
 l - a potion of flight
 r - a potion of might {unknown}
Books
 d - a book of Changes

   Spells                             Type                      Level
   *Beastly Appendage                 Transmutation                1
   *Sticks to Snakes                  Transmutation                2
   *Spider Form                       Transmutation/Poison         3
   Ice Form                           Ice/Transmutation            4
   Blade Hands                        Transmutation                5


   Skills:
 - Level 1.1 Fighting
 - Level 1.7 Dodging
 * Level 4.4 Unarmed Combat
 - Level 2.0 Spellcasting
 + Level 2.5 Transmutations
 + Level 0.8 Poison Magic


You had one spell level left.
You knew the following spells:

 Your Spells              Type           Power        Failure   Level  Hunger
k - Spider Form           Trmt/Pois      #.........   38%         3    ####...
w - Sticks to Snakes      Trmt           #.........   14%         2    ###....
y - Beastly Appendage     Trmt           #.....       10%         1    ##.....


Dungeon Overview and Level Annotations

Branches:
Dungeon (3/15)

Altars:

Annotations:
D:3 tcjsavannah's ghost, average DrTm


Innate Abilities, Weirdness & Mutations

Your plain brown scales are hard (AC +5).
Your body does not fit into most forms of armour.
Your cold-blooded metabolism reacts poorly to cold.
You have a pair of horns on your head.


Message History

Your ball python bites tcjsavannah's ghost but does no damage.
Your adder bites tcjsavannah's ghost but does no damage.
Unknown command.
You hit tcjsavannah's ghost but do no damage.
Tcjsavannah's ghost is heavily damaged.
Your adder bites tcjsavannah's ghost but does no damage.
Your ball python bites tcjsavannah's ghost but does no damage.
Tcjsavannah's ghost misses you.
Your adder bites tcjsavannah's ghost.
Your ball python bites tcjsavannah's ghost but does no damage.
Drink which item? (? for menu, Esc to quit)
You feel very buoyant.
You fly up into the air.
It was a potion of flight.
Tcjsavannah's ghost misses you.
Your adder barely misses tcjsavannah's ghost.
Your ball python bites tcjsavannah's ghost.
You hit tcjsavannah's ghost but do no damage.
You tail-slap tcjsavannah's ghost, but do no damage.
Tcjsavannah's ghost is heavily damaged.
Tcjsavannah's ghost hits you.
You die...

##..#.#####.## # .
##.....Zr...# #..
.##.#.####### #.#
. #.#.# #.# .
#r#.# #.# # #.#.#
#.# ###.#.# #.#
).r.#..
##.#####.###
######.
#dW......... # .
####SS######### #
#..>..# # #
#.###.# # .# #.#
#.# ## #.# #.# #..
#.###.. ##.# #.##
#.#.#######..##.##
##.#.).........#


You could see tcjsavannah's ghost, a friendly adder and a friendly ball python.

Vanquished Creatures
  2 adders (D:2)
  A worm (D:3)
  A giant gecko (D:1)
  An orc (D:3)
  11 bats (D:1 D:2 D:3)
  A giant cockroach (D:1)
  2 goblins (D:1 D:2)
  4 hobgoblins (D:2 D:3)
  4 jackals (D:3)
  6 kobolds (D:1 D:2 D:3)
  A quokka (D:3)
  3 giant newts (D:1 D:2)
  3 rats (D:1 D:2)
40 creatures vanquished.

Notes
Turn   | Place    | Note
--------------------------------------------------------------
     0 | D:1      | rchandra, the Draconian Transmuter, began the quest for the Orb.
     0 | D:1      | Reached XP level 1. HP: 16/16 MP: 3/3
   302 | D:1      | Reached XP level 2. HP: 23/23 MP: 2/4
   365 | D:1      | Learned a level 2 spell: Sticks to Snakes
  1725 | D:2      | Reached skill level 4 in Unarmed Combat
  1792 | D:2      | Reached XP level 3. HP: 24/28 MP: 4/6
  1816 | D:2      | Learned a level 3 spell: Spider Form
  1959 | D:3      | Huge Dmg: 9 dmg
  1961 | D:3      | Huge Dmg: 5 dmg
  1964 | D:3      | Huge Dmg: 9 dmg
  1978 | D:3      | Huge Dmg: 4 dmg
  1982 | D:3      | Huge Dmg: 2 dmg
  2381 | D:3      | Huge Dmg: 6 dmg
  2422 | D:3      | Reached XP level 4. HP: 15/35 MP: 3/7
  2593 | D:3      | Noticed tcjsavannah's ghost (average DrTm)
  2606 | D:3      | Huge Dmg: 11 dmg
  2609 | D:3      | Huge Dmg: 7 dmg
  2610 | D:3      | Huge Dmg: 9 dmg
  2613 | D:3      | Slain by tcjsavannah's ghost

Action                   |  1- 3 |  4- 6 || total
-------------------------+-------+-------++-------
Melee: Unarmed           |   122 |     9 ||   131
 Cast: Beastly Appendage |    18 |     1 ||    19
       Spider Form       |     3 |       ||     3
       Sticks to Snakes  |       |     2 ||     2
  Use: Potion            |     1 |     1 ||     2
 Stab: Sleeping          |     1 |       ||     1
  Eat: Chunk             |     6 |       ||     6

Vault maps used:
D:1:      matt_arrival_los_fun, serial_bayou_crossing
D:3:      tgw_sif, first_bread, uniq_sigmund
